 Dungeon Crawl Stone Soup version 0.27.0-1-g7a089689b8 (webtiles) character file.

Game seed: 11024133777552203480

14 Spectrina the Ducker (level 2, 0/18 HPs)
             Began as a Deep Elf Monk on Aug 9, 2021.
             Slain by an orc (6 damage)
             ... on level 4 of the Dungeon.
             The game lasted 00:04:27 (762 turns).

Spectrina the Ducker (Deep Elf Monk)                 Turns: 762, Time: 00:04:28

Health: 0/18       AC:  2    Str:  8    XL:     2   Next: 31%
Magic:  6/6        EV: 13    Int: 14    God:
Gold:   24         SH:  0    Dex: 17    Spells: 3/3 levels left

rFire    . . .     SeeInvis .   a - +1 dagger (protect)
rCold    . . .     Faith    .   (no shield)
rNeg     . . .     Spirit   .   e - +0 robe
rPois    .         Reflect  .   f - +0 hat
rElec    .         Harm     .   (no cloak)
rCorr    .         Rampage  .   (no gloves)
Will     .....                  (no boots)
Stlth    ++........             (no amulet)
HPRegen  0.06/turn              (no ring)
MPRegen  0.10/turn              (no ring)

@: no status effects
A: no striking features
a: no special abilities


You were on level 4 of the Dungeon.
You visited 2 branches of the dungeon, and saw 5 of its levels.

You collected 24 gold pieces.

Inventory:

Hand Weapons
 a - a +1 dagger of protection (weapon)
 b - a +0 dagger
 g - a +0 short sword
Missiles
 d - 27 stones (quivered)
 i - 16 sling bullets
Armour
 e - a +0 robe (worn)
 f - a +0 hat (worn)
Scrolls
 c - a scroll of identify {unknown}
Potions
 h - a potion of might {unknown}


   Skills:
 - Level 2.4 Fighting
 - Level 3.0 Short Blades
 - Level 3.6 Dodging
 - Level 2.4 Stealth
 + Level 1.4 Spellcasting
 * Level 1.7 Invocations


You had 3 spell levels left.
You didn't know any spells.
Your spell library was empty.

Dungeon Overview and Level Annotations

Branches:
Dungeon (4/15)             Temple (1/1) D:4

Altars:
Ashenzari
Cheibriados
Fedhas
Gozag
Hepliaklqana
Kikubaaqudgha
Makhleb
Okawaru
Ru
Sif Muna
Trog
Uskayaw
Vehumet
Wu Jian
Xom
Yredelemnul
Zin
The Shining One


Message History

* * * LOW HITPOINT WARNING * * *
The orc completely misses the plant.
You climb downwards.
Welcome to the Ecumenical Temple!
There is a staircase back to the Dungeon here.
Unknown command.
You open the door.
There is an open door here.
You open the door.
Found a broken altar of Ashenzari and a shimmering altar of Xom.
There is an open door here.
Found a blossoming altar of Fedhas.
Found an ornate altar of the Wu Jian Council.
There is a broken altar of Ashenzari here.
There is an open door here.
You open the door.
Found three altars.
Found a glowing silver altar of Zin.
There is an open door here.
Found an iron altar of Okawaru.
There is an open door here.
You open the door.
Found three altars.
Found a shimmering blue altar of Sif Muna.
There is an open door here.
Found a hide-covered altar of Uskayaw.
There is an open door here.
You open the door.
Found a basalt altar of Yredelemnul and a burning altar of Makhleb.
There is an open door here.
Found a bloodstained altar of Trog.
Found an opulent altar of Gozag.
There is an open door here.
There is an open door here.
There is an open door here.
There is a staircase back to the Dungeon here.
You climb upwards.
Welcome back to the Dungeon!
The orc closely misses you. The orc hits you with a +0 war axe!
Ouch! That really hurt!
The orc hits you with a +0 flail.
You die...

#........#....#
#......#.#....#
#......#.#.#.##
.##............##
.................
.#..........)....
#...##.###.#####
#..o#o..#P.#
#.....@....#
....#..o#oo.#P##
..S....###.####
.......(#P.P.#
....o...##.#.#
.......##...#
........#.#
.##..##.#.# #
#......#.#


You could see 5 orcs.

Vanquished Creatures
  A ball python (D:4)
  A bat (D:1)
  3 hobgoblins
  2 jackals (D:4)
  A frilled lizard (D:3)
  3 goblins
  A kobold (D:1)
  A rat (D:1)
13 creatures vanquished.

Vanquished Creatures (others)
  4 plants (D:4)
4 creatures vanquished.

Grand Total: 17 creatures vanquished

Notes
Turn   | Place    | Note
-------+----------+-------------------------------------------
     0 | D:1      | Spectrina the Deep Elf Monk began the quest for the Orb.
     0 | D:1      | Reached XP level 1. HP: 13/13 MP: 3/3
   212 | D:3      | Reached skill level 1 in Invocations
   250 | D:4      | Reached skill level 1 in Spellcasting
   259 | D:4      | Reached XP level 2. HP: 11/18 MP: 5/5
   260 | D:4      | Found a staircase to the Ecumenical Temple.
   493 | D:4      | Noticed an ogre
   553 | Temple   | Entered the Ecumenical Temple
   762 | D:4      | Slain by an orc

Illustrated notes

Levels and vault maps discovered:
D:1:      dpeg_arrival_castle, layout_basic, ebering_ecumenical_altar_abandoned
D:2:      layout_rooms, grunt_decor_mini_mirrors, uniq_natasha
D:3:      layout_basic, amcnicky_mini_corridor_feature
D:4:      layout_basic, mainiacjoe_overflow_alcove_2,
          minmay_temple_entry_gardened_gates, uniq_edmund
Temple:   dpeg_five_rooms_temple

Skill      XL: |  1 |
---------------+----+-----
Invocations    | 1 |  1.7
Spellcasting   | 1 |  1.4
Fighting       | |  2.4
Short Blades   | |  3.0
Dodging        | |  3.6
Stealth        | |  2.4

Action                   || total
-------------------------++-------
Melee: Short sword       ||    27
       Dagger            ||    28
 Stab: Sleeping          ||     3
Armor: Robe              ||     4
Dodge: Dodged            ||    31
